 Dungeon Crawl Stone Soup version 0.30.1-9-gdf580d7c3d (webtiles) character file.

Game seed: 17769165449676791605

52823 Wiggles the Severer (level 14, -4/146 HPs)
             Began as a Minotaur Berserker on Oct 3, 2023.
             Was a High Priest of Trog.
             Splashed by a goliath frog's acid (9 damage)
             ... on level 5 of the Lair of Beasts.
             The game lasted 00:26:35 (16397 turns).

Wiggles the Severer (Minotaur Berserker)           Turns: 16397, Time: 00:26:35

Health: -4/146     AC: 26    Str: 30    XL:     14   Next: 28%
Magic:  13/13      EV: 11    Int:  4    God:    Trog [*****.]
Gold:   641        SH:  5    Dex: 10    Spells: 13/13 levels left

rFire   . . .        N - +4 battleaxe (heavy)
rCold   . . .        (shield currently unavailable)
rNeg    . . .        i - +18 Lear's hauberk
rPois   .            (helmet currently unavailable)
rElec   .            y - +2 cloak
rCorr   .            (gloves currently unavailable)
SInv    .            (boots currently unavailable)
Will    +....        Q - amulet of reflection Stlth
                     P - ring "Qear" {Fly Str+3}
HPRegen 0.44/turn    (no ring)
MPRegen 0.13/turn

%: reflection
@: lethally poisoned (-4 -> -45), corroded, on berserk cooldown, flying, slowed,
very slow
A: horns 2, retaliatory headbutt, robust 1
a: Renounce Religion, Berserk, Trog's Hand, Brothers in Arms


You were on level 5 of the Lair of Beasts.
You worshipped Trog.
Trog was extremely pleased with you.
You visited 2 branches of the dungeon, and saw 17 of its levels.
You also visited: Bailey and Gauntlet.

You collected 1133 gold pieces.
You spent 492 gold pieces at shops.

Inventory:

Hand Weapons
 B - a +4 war axe of freezing
 H - a +5 broad axe of electrocution
 N - a +4 heavy battleaxe (weapon)
Missiles
 C - 4 throwing nets (quivered)
Armour
 i - the +18 Lear's hauberk (worn)
   (You found it on level 7 of the Dungeon)
 y - a +2 cloak (worn)
Jewellery
 h - a ring of flight
 L - an amulet of guardian spirit
 P - the ring "Qear" (left hand) {Fly Str+3}
   (You bought it in a shop on level 12 of the Dungeon)

   [ring of flight]

   Str:       It affects your strength (+3).
   Fly:       It grants you flight.
 Q - an amulet of reflection (around neck)
Wands
 k - a wand of acid (8)
 n - a wand of paralysis (10)
 r - a wand of flame (30)
 u - a wand of roots (26)
 A - a wand of mindburst (40)
 G - a wand of polymorph (8)
 M - a wand of digging (5)
Scrolls
 c - 2 scrolls of magic mapping
 d - 5 scrolls of teleportation
 f - 3 scrolls of fog
 g - 3 scrolls of immolation
 l - 4 scrolls of blinking
 m - a scroll of poison
 v - 4 scrolls of noise
 w - 3 scrolls of summoning
 x - 5 scrolls of enchant armour
 K - 5 scrolls of identify
Potions
 a - 8 potions of flight
 b - 6 potions of heal wounds
 e - 2 potions of cancellation
 j - 12 potions of curing
 o - 3 potions of mutation
 p - 3 potions of magic
 s - 3 potions of lignification
 t - 3 potions of haste
 z - a potion of invisibility
 D - a potion of might
 F - 2 potions of resistance
 I - a potion of experience
Miscellaneous
 O - a lightning rod (4/4)


   Skills:
 + Level 14.4 Fighting
 + Level 20.6 Axes
 + Level 13.8 Armour
 + Level 7.0 Dodging
 + Level 2.8 Stealth
 + Level 4.7 Shields
 + Level 0.9 Unarmed Combat


You had 13 spell levels left.
You didn't know any spells.
Your spell library was empty.

Dungeon Overview and Level Annotations

Branches:
Dungeon (12/15)            Temple (0/1) D:7            Lair (5/5) D:11
  Swamp (0/4) Lair:3       Spider (0/4) Lair:2          Orc (0/2) D:12
 Bailey (visited)         Gauntlet (visited)
  Slime: Lair:4-5

Altars:
Cheibriados
Fedhas
Nemelex Xobeh
Okawaru
Ru
Sif Muna
Vehumet
Xom
Yredelemnul
Zin
The Shining One

Shops:
D:5 *   D:8 [   D:9 *   D:12 =


Innate Abilities, Weirdness & Mutations

You have a pair of horns on your head.
You reflexively headbutt those who attack you in melee.
You are robust. (+10% HP)


Message History

The blink frog blinks!
The bullfrog closely misses you.
A blink frog comes into view.
A cane toad comes into view.
The goliath frog hits you from afar!
You are splashed with acid!
The blink frog moves out of view.
The cane toad stings you but does no damage.
Your ogre goes berserk!
The blink frog hits the plant!
The plant begins to die.
The blink frog blinks!
The cane toad barely misses you. You furiously retaliate!
You headbutt the cane toad, but do no damage.
The bullfrog hits you but does no damage.
The goliath frog completely misses you. The cane toad barely misses you. x2
You furiously retaliate!
You headbutt the cane toad, but do no damage.
You block the cane toad's attack. You block the goliath frog's attack.
Your ogre goes berserk!
The blink frog closely misses you.
The blink frog blinks!
The cane toad stings you but does no damage.
The blink frog barely misses you. You furiously retaliate!
You headbutt the blink frog!! The goliath frog hits you from afar!
You are splashed with acid!
* * * LOW HITPOINT WARNING * * *
The cane toad stings you but does no damage.
The blink frog blinks! x2; Your ogre barely misses the cane toad.
You block the cane toad's attack.
You swap places.
The blink frog hits your ogre!! The bullfrog hits your ogre.
The goliath frog closely misses you. The cane toad stings you!
* * * LOW HITPOINT WARNING * * *
You are poisoned.
The cane toad poisons you!
Your ogre hits the cane toad with a +0 giant club!!
The blink frog hits your ogre!
Your ogre dies!
Your ogre's corpse disappears in a puff of smoke!
The blink frog barely misses your ogre. The cane toad stings you!
* * * LOW HITPOINT WARNING * * *
You are more poisoned.
The cane toad poisons you! The goliath frog hits you from afar!
* * * LOW HITPOINT WARNING * * *
You are splashed with acid!
You die...

### ≈~~.~~~~§# ##.#
.....P~~~~~~ #.##
..P~..~~~.~ .8.##
###..~~~.P.~. ....## #
#..F......... .<.8.##.
##..FF........
....##.####.#.FF#......#
.8.##...#.##..F.F.......
####......##††FF@...~~~~
.##..........††.O...~≈~~
.............##.F...~~≈≈
.............###....~≈~~
..............#....~≈~≈.
........#....P.....~~≈~.
.......###..........~~~~
......####......P....~≈~
.........#......##...~~


You could see a goliath frog, 4 cane toads, 3 blink frogs, 2 bullfrogs and a
friendly ogre (summoned, berserk).

Vanquished Creatures
  A minotaur (Gauntlet)
  The ghost of growler the Stormcaller, a journeyman TeAE of Hepliaklqana (Lair:4)
  2 two-headed ogres (D:10)
  4 hydras
  A death scarab (Gauntlet)
  3 boulder beetles
  4 skysharks
  A goliath frog (Lair:5)
  An orange crystal statue (Gauntlet)
  A lindwurm (Lair:4)
  A spectral hydra (Gauntlet)
  3 cyclopes
  2 manticores
  23 elephants
  4 black mambas
  2 torpor snails
  9 cane toads
  3 rime drakes (Lair:3)
  7 komodo dragons
  Psyche (D:10)
  2 trolls
  2 hornets (Gauntlet)
  A queen bee (Gauntlet)
  14 dream sheep
  10 blink frogs
  3 culicivoras (Lair:2)
  2 spectral black mambas (Gauntlet)
  A shadow (D:11)
  2 jumping spiders (Lair:2)
  51 yaks
  7 wyverns
  Grum (D:11)
  7 basilisks
  A redback (Lair:2)
  2 vampire mosquitoes (Lair:5)
  An acid dragon (D:11)
  7 water moccasins
  5 orc warriors
  A swamp drake (D:11)
  2 ice beasts (D:7)
  A black bear (D:6)
  An ogre (D:6)
  10 wolves
  4 centaurs
  3 kobold brigands
  17 bullfrogs
  6 necrophages (Lair:4)
  3 scorpions
  3 wights (D:7)
  9 killer bees
  8 howler monkeys
  2 jellies (D:5)
  2 hounds (D:5)
  3 orc priests
  Crazy Yiuf (D:4)
  3 gnoll boudas
  4 iguanas
  Jessica (D:3)
  2 sleepcaps (D:6)
  Natasha (thrice) (D:3)
  13 orc wizards
  15 gnolls
  8 adders
  3 shadow imps
  3 white imps
  3 ufetubi (D:6)
  7 worms
  5 dart slugs
  28 orcs
  3 ball pythons
  5 bats
  6 endoplasms
  9 giant cockroaches
  4 goblins
  8 hobgoblins
  2 jackals (D:1)
  33 kobolds
  4 quokkas
  3 frilled lizards
  7 rats
  A spectral orc (D:5)
452 creatures vanquished.

Vanquished Creatures (collateral kills)
  An orc warlord (Bailey)
  A death scarab (Gauntlet)
  An orc (Bailey)
3 creatures vanquished.

Vanquished Creatures (others)
  A wyvern (D:11)
1 creature vanquished.

Grand Total: 456 creatures vanquished

Notes
Turn   | Place    | Note
-------+----------+-------------------------------------------
     0 | D:1      | Wiggles the Minotaur Berserker began the quest for the Orb.
     0 | D:1      | Reached XP level 1. HP: 19/19 MP: 0/0
   102 | D:1      | Reached XP level 2. HP: 20/27 MP: 1/1
   249 | D:1      | Reached skill level 4 in Axes
   949 | D:2      | Reached ** piety under Trog
   974 | D:2      | Reached XP level 3. HP: 22/33 MP: 2/2
  1681 | D:3      | Reached skill level 5 in Axes
  1681 | D:3      | Reached XP level 4. HP: 21/41 MP: 3/3
  1778 | D:3      | Found a blossoming altar of Fedhas.
  2019 | D:3      | Reached XP level 5. HP: 47/47 MP: 4/4
  2069 | D:3      | Gained mutation: You are robust. (+10% HP) [potion of
                  | mutation]
  2233 | D:3      | Noticed Natasha
  2238 | D:3      | Killed Natasha
  2238 | D:3      | Reached *** piety under Trog
  2387 | D:3      | Found a faded altar of an unknown god.
  2391 | D:3      | Found an iron altar of Okawaru.
  2506 | D:3      | Noticed Natasha
  2519 | D:3      | Killed Natasha
  2678 | D:3      | Noticed Jessica
  2682 | D:3      | Killed Jessica
  2818 | D:3      | Noticed Natasha
  2829 | D:3      | Killed Natasha
  2830 | D:3      | Reached skill level 5 in Fighting
  2830 | D:3      | Reached XP level 6. HP: 50/61 MP: 5/5
  3077 | D:4      | Reached skill level 6 in Axes
  3162 | D:4      | Found a runed translucent door.
  3163 | D:4      | Noticed Crazy Yiuf
  3169 | D:4      | Killed Crazy Yiuf
  3453 | D:5      | Entered Level 5 of the Dungeon
  3574 | D:5      | Reached skill level 5 in Armour
  3751 | D:5      | Found a glowing golden altar of the Shining One.
  3791 | D:5      | Reached skill level 7 in Axes
  3791 | D:5      | Reached XP level 7. HP: 53/67 MP: 6/6
  3947 | D:5      | Found a basalt altar of Yredelemnul.
  4090 | D:5      | Found Qoypouj's General Store.
  4103 | D:5      | Reached skill level 1 in Stealth
  4467 | D:6      | Reached **** piety under Trog
  4656 | D:6      | Reached skill level 8 in Axes
  4852 | D:6      | Reached XP level 8. HP: 77/77 MP: 7/7
  5093 | D:6      | Reached skill level 9 in Axes
  5600 | D:7      | Found the +18 Lear's hauberk
  5652 | D:7      | Found a shimmering altar of Xom.
  5661 | D:7      | Found a radiant altar of Vehumet.
  5676 | D:7      | Found a snail-covered altar of Cheibriados.
  5723 | D:7      | Reached skill level 10 in Axes
  5959 | D:7      | Found a staircase to the Ecumenical Temple.
  6228 | D:8      | Found Depny's Armour Shop.
  6280 | D:8      | Found a sparkling altar of Nemelex Xobeh.
  6475 | D:8      | Reached XP level 9. HP: 69/86 MP: 8/8
  6477 | D:8      | You fall into a shaft and drop 2 floors!
  6477 | D:10     | Entered Level 10 of the Dungeon
  6528 | D:9      | Found Zin's Purification Station.
  6529 | D:9      | Found a glowing silver altar of Zin.
  6638 | D:8      | Reached skill level 11 in Axes
  6662 | D:8      | Found a flagged portal.
  6673 | Bailey   | Entered a bailey
  6694 | Bailey   | Noticed an orc warlord
  6733 | Bailey   | Reached ***** piety under Trog
  6787 | Bailey   | Found a runed translucent gate.
  6787 | Bailey   | Found a runed translucent gate.
  6787 | Bailey   | Found a runed translucent gate.
  6921 | Bailey   | Killed an orc warlord
  6922 | Bailey   | Reached skill level 12 in Axes
  6943 | Bailey   | Identified the +4 ring mail "Bieggil" {Fly rElec rC++ rN+++
                  | Stlth-}
  7316 | D:9      | Reached XP level 10. HP: 96/96 MP: 9/9
  7322 | D:9      | Reached skill level 13 in Axes
  7967 | D:10     | Noticed a two-headed ogre
  7980 | D:10     | Killed a two-headed ogre
  8225 | D:10     | Found a sacrificial altar of Ru.
  8234 | D:10     | Reached skill level 14 in Axes
  8249 | D:10     | Noticed a two-headed ogre
  8262 | D:10     | Killed a two-headed ogre
  8271 | D:10     | Noticed Psyche
  8284 | D:10     | Killed Psyche
  8430 | D:10     | Reached skill level 15 in Axes
  8473 | D:10     | Reached XP level 11. HP: 106/106 MP: 10/10
  8486 | D:10     | Received a gift from Trog
  9037 | D:11     | Reached skill level 10 in Armour
  9207 | D:11     | Noticed Grum
  9214 | D:11     | Reached skill level 10 in Fighting
  9219 | D:11     | Killed Grum
  9383 | D:11     | Reached skill level 5 in Dodging
  9430 | D:11     | Reached skill level 16 in Axes
  9478 | D:11     | Found a staircase to the Lair.
  9868 | D:11     | Found a shimmering blue altar of Sif Muna.
 10091 | D:12     | Found a staircase to the Orcish Mines.
 10094 | D:12     | Noticed a seven-headed hydra
 10103 | D:12     | Killed a 12-headed hydra
 10167 | D:12     | Noticed a boulder beetle
 10175 | D:12     | Noticed a boulder beetle
 10191 | D:12     | Killed a boulder beetle
 10199 | D:12     | Killed a boulder beetle
 10200 | D:12     | Reached skill level 17 in Axes
 10200 | D:12     | Reached XP level 12. HP: 108/121 MP: 11/11
 10345 | D:12     | Found Itosulat's Jewellery Emporium.
 10688 | D:12     | Bought the ring "Qear" {Fly Str+3} for 492 gold pieces
 10958 | Lair:1   | Entered Level 1 of the Lair of Beasts
 11119 | Lair:1   | Identified a scroll of acquirement
 11119 | Lair:1   | Acquired a +4 heavy battleaxe
 11656 | Lair:2   | Received a gift from Trog
 11658 | Lair:2   | Reached skill level 18 in Axes
 11720 | Lair:2   | Found a gate leading to a gauntlet.
 11732 | Gauntlet | Entered a Gauntlet
 11732 | Gauntlet | Found a transporter.
 11746 | Gauntlet | Found a transporter.
 11746 | Gauntlet | Found a transporter.
 11747 | Gauntlet | Found a transporter.
 11758 | Gauntlet | Found a transporter.
 11758 | Gauntlet | Found a transporter.
 11759 | Gauntlet | Found a transporter.
 11768 | Gauntlet | Found a transporter.
 11770 | Gauntlet | Noticed a minotaur
 11771 | Gauntlet | Found a transporter.
 11772 | Gauntlet | Found a transporter.
 11777 | Gauntlet | Noticed a death scarab
 11780 | Gauntlet | Found a transporter.
 11780 | Gauntlet | Noticed a death scarab
 11783 | Gauntlet | Found a transporter.
 11784 | Gauntlet | Found a transporter.
 11792 | Gauntlet | Found a transporter.
 11933 | Gauntlet | Reached skill level 1 in Shields
 12098 | Gauntlet | Killed a death scarab
 12121 | Gauntlet | HP: 5/124 [death scarab (21)]
 12121 | Gauntlet | Killed a death scarab
 12413 | Gauntlet | Noticed a death scarab
 12416 | Gauntlet | Reached XP level 13. HP: 46/130 MP: 2/12
 12629 | Gauntlet | Killed a minotaur
 13052 | Lair:2   | Found a hole to the Spider Nest.
 13314 | Lair:2   | You are sucked into a shaft and drop 2 floors!
 13324 | Lair:4   | Reached skill level 19 in Axes
 13459 | Lair:4   | Found a transporter.
 13583 | Lair:4   | Identified the +2 chain mail of Inference {rN+++ Regen+
                  | rCorr Dex-2}
 13682 | Lair:4   | Received a gift from Trog
 14664 | Lair:3   | Reached skill level 20 in Axes
 15067 | Lair:3   | Found a staircase to the Swamp.
 15587 | Lair:4   | Found a transporter.
 15943 | Lair:4   | Noticed growler's ghost (journeyman TeAE)
 16142 | Lair:4   | Killed growler's ghost
 16225 | Lair:5   | Entered Level 5 of the Lair of Beasts
 16242 | Lair:5   | Reached XP level 14. HP: 143/143 MP: 13/13
 16324 | Lair:5   | Received a gift from Trog
 16397 | Lair:5   | HP: 5/146 [goliath frog (9)]
 16397 | Lair:5   | Splashed by a goliath frog's acid

Illustrated notes

Levels and vault maps discovered:
D:1:      ldierk_walled_garden_2, layout_loops_ring, serial_bayou_pond_a,
          minmay_tree_intersection, fountainhead, chequers_serial_rivers_micro_c
D:2:      layout_basic, minmay_domino_2
D:3:      layout_basic, mainiacjoe_overflow_small_starburst,
          nicolae_overflow_ecumenical_swirl, hangedman_glass_teeth,
          uniq_jessica, uniq_natasha
D:4:      layout_cave_pools, uniq_crazy_yiuf_cottage
D:5:      layout_basic, yredelemnul_forgotten_temple_becter,
          mainiacjoe_overflow_alcove_4, serial_shops, nicolae_diamond_shop
D:6:      layout_cave_pods, minmay_misc_feat_secret_circle, kennysheep_donut
D:7:      layout_layer_cave, vehumet_crystals, xom_teletrap_fun,
          mainiacjoe_overflow_chevrons, minmay_temple_entry_junction_2
D:8:      layout_rooms, nemelex_xobeh_ov_fountains_minmay, enter_bailey_2,
          serial_shops, shop, serial_park_tiny_1
D:9:      layout_stronghold, zin_purify
D:10:     layout_long_grid, nicolae_ru_great_annihilating_truth, st_stairs_9,
          minivault_1, uniq_psyche
D:11:     layout_basic, erik_lair_dragon, portal_ice_cave_entry_pillars_1,
          led_sif_pool, uniq_grum
D:12:     layout_loops_ring, orc_0_dummy, serial_shops,
          nicolae_shop_tiny_waterfront, roderic_serpentine_path
Lair:1:   wander_river, layout_hall_layers
Lair:2:   layout_gridlike, nicolae_spider_entry_tight_spaces,
          gauntlet_entry_generic, beast_lair_carwin_8
Lair:3:   layout_gridlike, swamp_mist
Lair:4:   layout_gridlike, nzn_ghost_randoct, chequers_serial_rivers_large_b,
          roderic_carrion_pond
Lair:5:   minmay_lair_end_frog_pond, layout_layer_cave,
          nicolae_slime_entry_field_trip, basic_altar, grunt_megastairs_1,
          infiniplex_staircase_pool_2, uniq_urug

Skill      XL: |  1  2  3  4  5  6  7  8  9 10 11 12 13 14 |
---------------+-------------------------------------------+-----
Fighting       | 4 5 7 8 9 11 12 13 14 | 14.4
Axes           | 4 5 7 8 10 12 15 17 18 20 | 20.6
Armour         | 3 4 5 6 7 8 9 11 12 13 | 13.8
Dodging        | 3 4 5 6 7 |  7.0
Stealth        | 1 2 |  2.8
Shields        | 2 4 |  4.7
Unarmed Combat | |  0.9

Action                     |  1- 3 |  4- 6 |  7- 9 | 10-12 | 13-15 || total
---------------------------+-------+-------+-------+-------+-------++-------
  Melee: Hand axe          |    87 |    91 |       |       |       ||   178
         Headbutt          |    12 |    26 |    34 |    65 |    45 ||   182
         Punch             |     1 |       |     2 |     6 |       ||     9
         War axe           |       |    58 |   181 |       |       ||   239
         Broad axe         |       |       |    16 |   245 |       ||   261
         Unarmed           |       |       |       |     5 |       ||     5
         Battleaxe         |       |       |       |    84 |   216 ||   300
 Invoke: Berserk           |       |     4 |     3 |     5 |     1 ||    13
         Brothers in Arms  |       |       |     2 |     1 |     2 ||     5
    Use: Potion            |       |     1 |       |       |       ||     1
         Scroll            |       |       |    24 |     6 |       ||    30
   Stab: Paralysed         |       |       |       |     1 |       ||     1
 Armour: Animal skin       |     5 |       |       |       |       ||     5
         Ring mail         |    19 |    12 |       |       |       ||    31
         Chain mail        |       |    56 |   140 |   306 |   191 ||   693
         Skin              |       |       |       |     1 |       ||     1
  Dodge: Dodged            |    48 |    78 |   111 |   188 |   143 ||   568
  Block: Other             |       |       |       |    48 |    55 ||   103
